 Dungeon Crawl Stone Soup version 0.28.0-43-g3370ac3207 (webtiles) character file.

Game seed: 5504274348119956541

14 NinjaNoafa the Sneak (level 2, -2/18 HPs)
             Began as a Kobold Brigand on Apr 1, 2022.
             Was a Follower of Sif Muna.
             Slain by a jackal (3 damage)
             ... on level 1 of the Dungeon.
             The game lasted 00:02:23 (451 turns).

NinjaNoafa the Sneak (Kobold Brigand)                Turns: 451, Time: 00:02:24

Health: -2/18      AC:  3    Str:  5 (8)  XL:     2   Next: 55%
Magic:  2/2        EV: 14    Int: 11 (12) God:    Sif Muna [*.....]
Gold:   16         SH:  0    Dex: 14 (16) Spells: 1/1 levels left

rFire   . . .      SeeInvis .   a - +2 dagger
rCold   . . .      Faith    .   (no shield)
rNeg    . . .      Spirit   .   b - +0 robe
rPois   .          Reflect  .   (no helmet)
rElec   .          Harm     .   c - +0 cloak
rCorr   .          Rampage  .   (no gloves)
Will    .....                   (no boots)
Stlth   ++++......              (no amulet)
HPRegen 0.06/turn               (no ring)
MPRegen 0.08/turn               (no ring)

@: brilliant, attractive
A: small, no large weapons, nightstalker 3
a: Renounce Religion, Channel Magic


You were on level 1 of the Dungeon.
You worshipped Sif Muna.
Sif Muna was aware of your devotion.
You visited 1 branch of the dungeon, and saw 1 of its levels.

You collected 16 gold pieces.

Inventory:

Hand Weapons
 a - a +2 dagger (weapon)
Missiles
 d - 6 poisoned darts (quivered)
 e - 2 curare-tipped darts
 j - 22 stones
Armour
 b - a +0 robe (worn)
 c - a +0 cloak (worn)


   Skills:
 + Level 2.3 Fighting
 + Level 2.9 Short Blades
 + Level 2.4 Throwing
 + Level 1.4 Dodging
 * Level 5.6 Stealth
 + Level 0.3 Spellcasting


You had one spell level left.
You didn't know any spells.
Your spell library was empty.

Dungeon Overview and Level Annotations

Branches:
Dungeon (1/15)

Altars:
Sif Muna


Innate Abilities, Weirdness & Mutations

You are small and have problems with some larger weapons.
You are completely attuned to the shadows.


Message History

The jackal is heavily wounded.
The kobold barely misses you. The jackal completely misses you.
The jackal bites you but does no damage.
You hit the jackal but do no damage.
The jackal is heavily wounded.
The jackal closely misses you. The jackal bites you.
* * * LOW HITPOINT WARNING * * *
The kobold closely misses you.
The jackal bites you but does no damage.
Okay, then.
It was a potion of brilliance.
You feel clever all of a sudden. The jackal misses you.
The kobold barely misses you. The jackal misses you.
The jackal closely misses you.
It was a potion of degeneration.
There was something very wrong with that liquid.
You feel weakened.
You feel dopey.
You feel clumsy. The jackal misses you. The jackal barely misses you.
The kobold misses you.
It was a potion of magic.
Magic courses through your body. The jackal completely misses you.
The jackal closely misses you.
The kobold hits you with a +0 short sword.
* * * LOW HITPOINT WARNING * * *
The jackal barely misses you. x2
It was a potion of attraction.
You feel attractive to monsters.
The jackal bites you but does no damage.
The kobold hits you but does no damage. The jackal closely misses you.
You hit the jackal.
The jackal is severely wounded.
The jackal closely misses you. The jackal misses you. The kobold misses you.
The jackal bites you but does no damage.
You closely miss the jackal.
The jackal is severely wounded.
The jackal barely misses you. The kobold closely misses you.
The jackal barely misses you. x2
You hit the jackal.
You kill the jackal!
Sif Muna accepts your kill. The bat barely misses you. The jackal bites you.
You die...

###..#.#
###...#
#....##
.S.#.##
#..##.###. .
.......#.# ..
#...#.#.#
...#b......##
...†@8.8.....
...K.h_......
..#.(....#.##
.........#.#
..........#
(...###.##


You could see a jackal, a bat and a kobold.

Vanquished Creatures
  2 ball pythons (D:1)
  A goblin (D:1)
  2 hobgoblins (D:1)
  5 jackals (D:1)
  A quokka (D:1)
  A kobold (D:1)
12 creatures vanquished.

Notes
Turn   | Place    | Note
-------+----------+-------------------------------------------
     0 | D:1      | NinjaNoafa the Kobold Brigand began the quest for the Orb.
     0 | D:1      | Reached XP level 1. HP: 12/12 MP: 1/1
   158 | D:1      | Reached XP level 2. HP: 7/17 MP: 2/2
   414 | D:1      | Found a faded altar of an unknown god.
   421 | D:1      | Prayed at the altar of an unknown god.
   421 | D:1      | Became a worshipper of Sif Muna the Loreminder
   421 | D:1      | Reached * piety under Sif Muna
   451 | D:1      | Slain by a jackal

Illustrated notes

Levels and vault maps discovered:
D:1:      lemuel_arrival_muddy, layout_loops_ring,
          dreamdust_ecumenical_altar_statues

Action                   || total
-------------------------++-------
Melee: Dagger            ||    37
Throw: Dart              ||     3
  Use: Potion            ||     4
 Stab: Sleeping          ||     5
Armor: Robe              ||    17
Dodge: Dodged            ||    58
